 Dungeon Crawl Stone Soup version 0.30.0-29-ga12c61a403 (webtiles) character file.

Game seed: 11487997886701899402

59123 cheesebisquit the Brawler (level 14, -1/140 (144) HPs)
             Began as a Troll Fighter on June 4, 2023.
             Was a High Priest of Wu Jian.
             Slain by a sixfirhy (4 damage)
             ... summoned by an orc high priest
             ... while paralysed by an orc sorcerer
             ... on level 2 of the Orcish Mines on June 5, 2023.
             The game lasted 01:34:01 (21558 turns).

cheesebisquit the Brawler (Troll Fighter)          Turns: 21558, Time: 01:34:02

HP:   -1/140 (144)  AC: 12    Str: 33    XL:     14   Next: 52%
MP:   13/13         EV:  1    Int:  8    God:    Wu Jian [*****.]
Gold: 307           SH:  0    Dex:  9    Spells: 12/13 levels left

rFire   . .          .
                       - Unarmed
rCold   . . .        b - +5 kite shield
rNeg    . . .        D - +4 steam dragon scales
rPois   +            T - +0 hat {Stlth+}
rElec   +            C - +0 cloak of Jiarchite {rElec rPois rCorr}
rCorr   +            (gloves unavailable)
SInv    +            (boots unavailable)
Will    +....        r - amulet of reflection
Stlth   ++           K - ring of see invisible
HPRegen 1.23/turn    s - +6 ring of strength
MPRegen 0.13/turn

%: reflection
@: paralysed, lightly drained
A: large, unfitting armour, claws 3, regeneration 1, shaggy fur 1, tough skin 1
a: Renounce Religion, Wall Jump, Serpent's Lash, Heavenly Storm


You were on level 2 of the Orcish Mines.
You worshipped Wu Jian.
Wu Jian was extremely pleased with you.
You visited 4 branches of the dungeon, and saw 20 of its levels.
You also visited: Volcano.

You collected 1903 gold pieces.
You spent 1596 gold pieces at shops.

Inventory:

Hand Weapons
 N - a +1 dagger of venom
 V - a +1 giant spiked club
Missiles
 c - 2 throwing nets
 i - 26 poisoned darts
 u - 9 boomerangs (quivered)
 w - 7 curare-tipped darts
 B - 5 boomerangs of dispersal
 J - 5 silver javelins
 L - 10 large rocks
 P - 4 atropa-tipped darts
Armour
 b - a +5 kite shield (worn)
 m - the +1 robe of the Catfish {rC++}
   (You found it on level 2 of the Dungeon)

   rC:        It greatly protects you from cold.
 t - a +2 robe of fire resistance
 C - the +0 cloak of Jiarchite (worn) {rElec rPois rCorr}
   (You acquired it on level 11 of the Dungeon)

   rElec:     It insulates you from electricity.
   rPois:     It protects you from poison.
   rCorr:     It protects you from acid and corrosion.
 D - +4 steam dragon scales (worn)
 F - a +2 robe of willpower
 H - a +0 troll leather armour
 T - a +0 hat of stealth (worn)
 Y - a +2 cloak of fire resistance
Jewellery
 p - a ring of protection from cold
 r - an amulet of reflection (around neck)
 s - a +6 ring of strength (right claw)
 A - the ring of Hibiamyt {rPois rCorr Slay+5 Stlth+}
   (You acquired it on level 2 of the Dungeon)

   [ring of resist corrosion]

   Slay:      It affects your accuracy & damage with ranged weapons and melee
   (+5).
   rPois:     It protects you from poison.
   rCorr:     It protects you from acid and corrosion.
   Stlth:     It makes you more stealthy.
 K - a ring of see invisible (left claw)
 W - a +4 ring of slaying
Wands
 y - a wand of polymorph (14)
 E - a wand of flame (17)
 M - a wand of iceblast (24)
 Q - a wand of mindburst (14)
 U - a wand of charming (12)
 X - a wand of quicksilver (3)
Scrolls
 e - 3 scrolls of poison
 g - 3 scrolls of immolation
 h - a scroll of magic mapping
 k - a scroll of amnesia
 n - 5 scrolls of teleportation
 x - 3 scrolls of blinking
 G - 2 scrolls of fog
 O - 2 scrolls of vulnerability
Potions
 d - 3 potions of lignification
 f - 5 potions of curing
 j - 10 potions of mutation
 l - 3 potions of attraction
 q - 2 potions of resistance
 v - 2 potions of magic
 z - 2 potions of haste
 I - a potion of degeneration {unknown}
 R - a potion of berserk rage
 S - a potion of flight
 Z - a potion of brilliance


   Skills:
 + Level 10.9 Fighting
 + Level 7.0 Dodging
 + Level 11.9 Shields
 * Level 19.5 Unarmed Combat


You had 12 spell levels left.
You knew the following spells:

 Your Spells              Type           Power      Damage    Failure   Level
a - Apportation           Tloc           0%         N/A       54%         1

Your spell library contained the following spells:

 Spells                   Type           Power      Damage    Failure   Level
 Foxfire                  Conj/Fire      0%         2x1d4     54%         1
 Necrotise                Necr           0%         1d4       54%         1
 Summon Small Mammal      Summ           0%         N/A       54%         1
 Ignite Poison            Fire/Tmut/Pois 0%         N/A       88%         3
 Vhi's Electric Charge    Tloc/Air       0%         N/A       88%         3
 Animate Dead             Necr           0%         N/A       99%         4
 Sticky Flame             Conj/Fire      0%         2d3       99%         4
 Arcjolt                  Conj/Air       0%         1d10      100%        5
 Fireball                 Conj/Fire      0%         3d3       100%        5
 Plasma Beam              Fire/Air       0%         2x1d11    100%        6
 Starburst                Conj/Fire      0%         6d3       100%        6
 Haunt                    Necr/Summ      0%         N/A       100%        7
 Ignition                 Fire           0%         3d3       100%        8
 Infestation              Necr           0%         N/A       100%        8
 Maxwell's Capacitive Co  Air            0%         ∞         100%        8


Dungeon Overview and Level Annotations

Branches:
Dungeon (12/15)            Temple (1/1) D:7            Lair (5/5) D:9
  Swamp (0/4) Lair:2       Spider (0/4) Lair:2        Slime (0/5) Lair:4
    Orc (2/2) D:11            Elf (0/3) Orc:2       Volcano (visited)

Altars:
Ashenzari
Cheibriados
Dithmenos
Elyvilon
Fedhas
Gozag
Hepliaklqana
Kikubaaqudgha
Makhleb
Nemelex Xobeh
Okawaru
Qazlal
Ru
Sif Muna
Trog
Uskayaw
Vehumet
Wu Jian
Xom
Yredelemnul
Zin
The Shining One

Shops:
D:2 =[?**   D:3 =   D:8 ?*   D:9 [(!*   Orc:2 *(

Portals:
Abyss: D:12
Trove: D:11 (give +3 ice dragon scales)

Annotations:
D:7 2 transporters, cheesebisquit's ghost, novice GrEE
D:12 2 transporters, CInkIbrahim's ghost, journeyman AtFi
Lair:3 3 runed translucent doors, suzumiya's ghost, journeyman HuFi
Lair:4 1 runed translucent door


Innate Abilities, Weirdness & Mutations

You are too large for most types of armour.
You have claws for hands.
Your natural rate of healing is unusually fast.
You are covered in fur. (AC +1)
You have tough skin. (AC +1)


Message History

The orc sorcerer's hands start to glow.
The orc sorcerer points at you and mumbles some strange words.
You suddenly lose the ability to move!
The orc high priest hits you with a +0 trident!
The orc sorcerer's eyes start to glow.
The orc high priest mumbles some strange prayers to Beogh against you.
You resist with significant effort. The soul eater hits you!
You feel drained.
The orc high priest hits you with a +0 trident.
The sixfirhy hits you! The sixfirhy shocks you. You resist.
The soul eater draws from the surrounding life force!
The sixfirhy hits you but does no damage.
The orc sorcerer gestures at you while chanting.
You shrug off the repeated paralysis!
The orc high priest calls down the wrath of Beogh upon you.
Pain shoots through your body!
* * * LOW HITPOINT WARNING * * *
The sixfirhy hits you but does no damage. x2
The sixfirhy hits you.
* * * LOW HITPOINT WARNING * * *
The sixfirhy shocks you. You resist.
* * * LOW HITPOINT WARNING * * *
The sixfirhy hits you but does no damage.
The sixfirhy hits you.
* * * LOW HITPOINT WARNING * * *
The sixfirhy shocks you. You resist.
* * * LOW HITPOINT WARNING * * *
The sixfirhy hits you but does no damage.
The sixfirhy hits you.
* * * LOW HITPOINT WARNING * * *
The sixfirhy shocks you. You resist.
* * * LOW HITPOINT WARNING * * *
The soul eater hits you!
* * * LOW HITPOINT WARNING * * *
The sixfirhy hits you but does no damage.
The orc sorcerer hits you with a +0 dagger.
* * * LOW HITPOINT WARNING * * *
The orc high priest hits you but does no damage.
The sixfirhy hits you.
You die...

...##..)#............#....#
....##)..................##
......)..................#
...................)))..##
....................))..#
........................## ###
...........##........)...# ##..
...............o33.......# #...
...............o@3......#######..
...............4.........##.###..
.............................##..
.............................)...
....................#.........#..
..........................#...#.#
.......o.........#.##.....##.####
#######.##############.#...### ##
######.###### ####.## #.


You could see a soul eater (summoned), an orc high priest, an ice devil
(summoned), 2 sixfirhies and an orc sorcerer.

Vanquished Creatures
  Nessos (Lair:4)
  Josephine (Orc:2)
  A centaur warrior (D:8)
  2 hydras
  7 two-headed ogres
  A catoblepas (Lair:4)
  An ogre mage (Volcano)
  Erica (D:11)
  A boulder beetle (D:8)
  A tengu warrior (D:8)
  2 orc high priests (Orc:2)
  A hell knight (Volcano)
  A skyshark (Lair:2)
  2 deep elf pyromancers
  A swamp dragon (Lair:2)
  2 orc sorcerers (Orc:2)
  An ugly thing (D:8)
  4 orc knights (Orc:2)
  A wolf spider (Lair:5)
  A cyclops (D:11)
  A manticore (D:8)
  A guardian serpent (Lair:5)
  10 elephants
  8 black mambas
  Maggie (D:6)
  11 cane toads
  2 gargoyles (Volcano)
  A kobold demonologist (D:12)
  An unseen horror (D:11)
  An anaconda simulacrum (Lair:2)
  5 komodo dragons
  3 trolls
  A wolf spider simulacrum (Lair:2)
  Prince Ribbit (D:6)
  4 blink frogs (Lair:5)
  6 hornets
  Sigmund (D:5)
  8 slime creatures
  2 culicivoras (Lair:2)
  A shadow (D:11)
  36 yaks
  Grum (D:9)
  16 wyverns
  2 fire bats (Volcano)
  6 wraiths
  A human (D:11)
  4 steam dragons (D:8)
  2 basilisks
  7 vampire mosquitoes
  2 wargs
  3 redbacks (Lair:5)
  Edmund (D:6)
  2 acid dragons
  Duvessa (D:6)
  2 hydra simulacra (Lair:2)
  22 water moccasins
  6 sky beasts
  18 orc warriors
  An ice beast (D:6)
  3 black bears (D:4)
  An ogre (D:5)
  12 wolves
  11 centaurs
  4 phantoms
  5 kobold brigands
  Blork the orc (D:6)
  15 bullfrogs
  3 gnoll sergeants
  2 scorpions
  13 wights
  Dowan (D:6)
  7 killer bees
  8 howler monkeys
  4 electric eels
  9 lava snakes
  A komodo dragon simulacrum (Lair:2)
  2 jellies
  21 orc priests
  2 hounds
  3 sleepcaps
  Natasha (thrice) (D:3)
  4 hell rats (Lair:2)
  5 iguanas
  22 orc wizards
  19 gnolls
  8 adders
  3 white imps
  A worm (D:3)
  5 dart slugs
  68 orcs
  4 endoplasms
  5 giant cockroaches
  5 goblins
  13 hobgoblins
  6 jackals
  2 quokkas
  7 ball pythons
  5 bats
  7 frilled lizards
  43 kobolds
  9 rats
  A spectral orc (D:10)
608 creatures vanquished.

Vanquished Creatures (others)
  An angel (D:4)
  An orc priest (Orc:2)
  3 orc wizards
  A gnoll (D:9)
  A white imp (D:8)
  An orc (D:8)
8 creatures vanquished.

Grand Total: 616 creatures vanquished

Notes
Turn   | Place    | Note
-------+----------+-------------------------------------------
     0 | D:1      | cheesebisquit the Troll Fighter began the quest for the
                  | Orb.
     0 | D:1      | Reached XP level 1. HP: 22/22 MP: 0/0
   301 | D:1      | Reached XP level 2. HP: 29/29 MP: 1/1
   637 | D:2      | Found Xuucluth's Magic Scroll Boutique.
   702 | D:2      | Found Xixafu's Jewellery Shoppe.
   706 | D:2      | Identified the +1 robe of the Catfish {rC++}
   738 | D:2      | Reached skill level 3 in Unarmed Combat
   738 | D:2      | Reached XP level 3. HP: 26/36 MP: 2/2
   865 | D:2      | Found Cameuca's Assorted Antiques.
   931 | D:2      | Found Tuapipemn's Assorted Antiques.
  1088 | D:2      | Reached XP level 4. HP: 44/44 MP: 3/3
  1106 | D:2      | Found Utroyned's Antique Armour Emporium.
  1463 | D:3      | Found Udoesmon's One-of-a-Kind Rings.
  1620 | D:3      | Noticed Natasha
  1627 | D:3      | Killed Natasha
  1734 | D:3      | Found a faded altar of an unknown god.
  1748 | D:3      | Reached skill level 4 in Unarmed Combat
  1748 | D:3      | Reached XP level 5. HP: 52/53 MP: 4/4
  1870 | D:4      | Noticed a black bear
  1888 | D:4      | Killed a black bear
  2010 | D:4      | Reached XP level 6. HP: 61/61 MP: 5/5
  2020 | D:4      | Killed an angel
  2130 | D:4      | Reached skill level 5 in Unarmed Combat
  2271 | D:4      | Found a shimmering altar of Xom.
  2294 | D:4      | Reached XP level 7. HP: 68/68 MP: 6/6
  2297 | D:4      | Found a glowing silver altar of Zin.
  2558 | D:4      | Reached skill level 6 in Unarmed Combat
  2825 | D:4      | Noticed a wyvern
  2830 | D:4      | Killed a wyvern
  2831 | D:4      | Reached skill level 5 in Shields
  2831 | D:4      | Reached XP level 8. HP: 62/79 MP: 7/7
  3218 | D:5      | Entered Level 5 of the Dungeon
  3244 | D:5      | Reached skill level 7 in Unarmed Combat
  3369 | D:5      | Found a sacrificial altar of Ru.
  3424 | D:5      | Noticed Sigmund
  3556 | D:5      | Killed Sigmund
  3557 | D:5      | Reached skill level 5 in Fighting
  3704 | D:5      | Reached skill level 8 in Unarmed Combat
  3926 | D:6      | Noticed Blork the orc
  3935 | D:6      | Killed Blork the orc
  3964 | D:6      | Noticed Dowan
  3965 | D:6      | Noticed Duvessa
  3978 | D:6      | Killed Duvessa
  3996 | D:6      | Killed Dowan
  4009 | D:6      | Reached XP level 9. HP: 88/88 MP: 8/8
  4125 | D:6      | Noticed Prince Ribbit
  4135 | D:6      | Killed Prince Ribbit
  4136 | D:6      | Reached skill level 9 in Unarmed Combat
  4371 | D:6      | Noticed Maggie
  4389 | D:6      | Killed Maggie
  4682 | D:6      | Noticed Edmund
  4691 | D:6      | Killed Edmund
  4875 | D:7      | Reached skill level 10 in Unarmed Combat
  4912 | D:7      | Found a staircase to the Ecumenical Temple.
  5222 | D:7      | Found a transporter.
  5224 | D:7      | Found a transporter.
  5225 | D:7      | Noticed cheesebisquit's ghost (novice GrEE)
  5229 | D:7      | Noticed a queen bee
  5417 | D:8      | Found a shadowy altar of Dithmenos.
  5468 | D:8      | Reached XP level 10. HP: 99/100 MP: 9/9
  5617 | D:8      | Reached skill level 11 in Unarmed Combat
  5979 | D:8      | Found Xifeje's Magic Scroll Boutique.
  5983 | D:8      | Bought a scroll of identify for 24 gold pieces
  5983 | D:8      | Bought a scroll of teleportation for 36 gold pieces
  5983 | D:8      | Bought a scroll of enchant armour for 90 gold pieces
  5983 | D:8      | Bought a scroll of identify for 24 gold pieces
  5983 | D:8      | Bought a scroll of identify for 24 gold pieces
  6242 | D:8      | Found Hycemmum's Fire Supplies.
  6313 | D:8      | Noticed a two-headed ogre
  6322 | D:8      | Killed a two-headed ogre
  6323 | D:8      | Reached skill level 12 in Unarmed Combat
  6342 | D:8      | Reached XP level 11. HP: 64/109 MP: 10/10
  6343 | D:8      | Noticed a two-headed ogre
  6349 | D:8      | Killed a two-headed ogre
  6350 | D:8      | Noticed a tengu warrior
  6360 | D:8      | Killed a tengu warrior
  6375 | D:8      | Noticed a centaur warrior
  6386 | D:8      | Killed a centaur warrior
  6401 | D:8      | Noticed a green ugly thing
  6403 | D:8      | Noticed a deep elf pyromancer
  6403 | D:8      | Noticed a boulder beetle
  6522 | D:8      | Reached skill level 13 in Unarmed Combat
  6527 | D:8      | Killed a deep elf pyromancer
  6541 | D:8      | Killed a green ugly thing
  6595 | D:8      | Killed a boulder beetle
  6855 | D:9      | Found Giucawe's Armour Shop.
  6859 | D:9      | Found Quuggaps's Weapon Boutique.
  6871 | D:9      | Found a staircase to the Lair.
  6872 | D:9      | Found Jukeg's Distillery.
  6872 | D:9      | Found Tuvikeguip's Assorted Antiques.
  7046 | D:9      | Noticed Grum
  7066 | D:9      | Killed Grum
  7559 | D:10     | Entered Level 10 of the Dungeon
  7998 | Temple   | Entered the Ecumenical Temple
  8186 | Temple   | Became a worshipper of the Wu Jian Council
  8355 | D:10     | Reached XP level 12. HP: 90/122 MP: 11/11
  8357 | D:10     | Reached skill level 14 in Unarmed Combat
  8575 | D:10     | Found a basalt altar of Yredelemnul.
  8636 | D:11     | Identified a scroll of acquirement
  8639 | D:11     | Acquired the +0 cloak of Jiarchite {rElec rPois rCorr}
  8784 | D:3      | Noticed Natasha
  8786 | D:3      | Killed Natasha
  8786 | D:3      | Noticed Natasha
  8791 | D:3      | Killed Natasha
  9017 | D:3      | Found Udoesmon's One-of-a-Kind Rings.
  9211 | D:3      | Found a faded altar of an unknown god.
  9370 | D:2      | Bought a ring of see invisible for 210 gold pieces
  9667 | D:11     | Found a staircase to the Orcish Mines.
  9711 | D:11     | Noticed a two-headed ogre
  9717 | D:11     | Killed a two-headed ogre
  9815 | D:11     | Found a portal to a secret trove of treasure.
 10764 | D:12     | Found a one-way gate to the infinite horrors of the Abyss.
 10764 | D:12     | Noticed CInkIbrahim's ghost (journeyman AtFi)
 10768 | D:12     | Found a transporter.
 10771 | D:12     | Found a transporter.
 10907 | D:11     | Found a staircase to the Orcish Mines.
 11605 | D:11     | Found a portal to a secret trove of treasure.
 12119 | D:12     | Reached skill level 10 in Shields
 12334 | D:12     | Noticed a white very ugly thing
 12496 | Lair:1   | Entered Level 1 of the Lair of Beasts
 12551 | Lair:1   | Found a blossoming altar of Fedhas.
 12619 | Lair:1   | Reached skill level 15 in Unarmed Combat
 12629 | Lair:1   | Reached * piety under Wu Jian
 13414 | Lair:2   | Identified the +6 whip "Zopoic" {vamp, rF+ rC+ Int-5}
 13445 | Lair:2   | Found a hole to the Spider Nest.
 13482 | Lair:2   | Found a transporter.
 13558 | Lair:2   | Found a white marble altar of Elyvilon.
 13604 | Lair:2   | Reached XP level 13. HP: 124/131 MP: 12/12
 13770 | Lair:2   | Found a transporter.
 13788 | Lair:2   | Found a staircase to the Swamp.
 13837 | Lair:2   | Reached skill level 16 in Unarmed Combat
 13902 | Lair:2   | Reached ** piety under Wu Jian
 14356 | Lair:3   | Noticed a minotaur
 14356 | Lair:3   | Noticed suzumiya's ghost (journeyman HuFi)
 14409 | Lair:3   | Reached skill level 5 in Dodging
 14760 | Lair:3   | Found a runed translucent gate.
 14760 | Lair:3   | Found a runed translucent gate.
 14760 | Lair:3   | Found a runed translucent gate.
 14831 | Lair:3   | Identified the +2 leather armour "Xema" {Dex+3}
 15316 | Lair:4   | Reached skill level 17 in Unarmed Combat
 15520 | Lair:4   | Noticed Nessos
 15636 | Lair:4   | Found a runed translucent door.
 15636 | Lair:4   | Found a staircase to the Slime Pits.
 15734 | Lair:4   | Killed Nessos
 15735 | Lair:4   | Reached skill level 10 in Fighting
 16343 | Lair:4   | Learned a level 1 spell: Apportation
 16344 | Lair:5   | Entered Level 5 of the Lair of Beasts
 16541 | Lair:5   | Reached *** piety under Wu Jian
 16804 | D:2      | Bought a scroll of acquirement for 728 gold pieces
 16804 | D:2      | Acquired the ring of Hibiamyt {rPois rCorr Slay+5 Stlth+}
 17253 | Lair:5   | Reached skill level 18 in Unarmed Combat
 17703 | Lair:5   | Reached XP level 14. HP: 144/144 MP: 13/13
 18395 | Orc:1    | Entered Level 1 of the Orcish Mines
 18434 | Orc:1    | Noticed Erica
 18451 | D:11     | Killed Erica
 18465 | Orc:1    | Reached **** piety under Wu Jian
 18482 | Orc:1    | Found a dark tunnel.
 18493 | Volcano  | Entered a volcano
 18910 | Volcano  | Found a bloodstained altar of Trog.
 18951 | Volcano  | Reached skill level 19 in Unarmed Combat
 19768 | D:2      | Bought an amulet of reflection for 420 gold pieces
 20184 | D:2      | Bought a bubbling puce potion for 22 gold pieces
 20578 | Orc:2    | Entered Level 2 of the Orcish Mines
 20783 | Orc:2    | Found Imia's Weapon Emporium.
 20791 | Orc:2    | Bought 3 poisoned darts for 18 gold pieces
 20888 | Orc:2    | Noticed Josephine
 20898 | Orc:2    | Killed Josephine
 20906 | Orc:2    | Reached ***** piety under Wu Jian
 20920 | Orc:2    | Found a staircase to the Elven Halls.
 20949 | Orc:2    | Found Ihuirr's General Store.
 20975 | Orc:2    | Paralysed by an orc sorcerer for 4 turns
 20989 | Orc:2    | HP: 2/144 [orc high priest/+0 trident (8)]
 21553 | Orc:2    | Paralysed by an orc sorcerer for 5 turns
 21557 | Orc:2    | HP: 5/140 [soul eater[an orc high priest] (16)]
 21557 | Orc:2    | HP: 2/140 [orc sorcerer/+0 dagger (3)]
 21558 | Orc:2    | Slain by a sixfirhy

Illustrated notes

Levels and vault maps discovered:
D:1:      zaba_arrival_water, layout_loops_ring, minmay_misc_feat_rows,
          minmay_misc_feat_plants
D:2:      layout_rooms, serial_shops, shop, shop, shop_statue, shop_fountains,
          nicolae_shop_tiny_glass
D:3:      layout_rooms, dilly_ecumenical_altar_fadedgnrine,
          chequers_serial_rivers_marsh, nicolae_shop_unique_rings, uniq_natasha
D:4:      minmay_goblin_kobold_castle, layout_basic,
          grunt_temple_overflow_order_and_chaos_1, lexackson_kobold_supper
D:5:      layout_rooms, nicolae_ru_sacrificial_ziggurat, uniq_sigmund
D:6:      layout_loops_ring, serial_aquarium, aquarium_bridge_square
          [aquarium_subvault_bridge, aquarium_subvault_window,
          aquarium_subvault_wall, aquarium_subvault_window],
          aquarium_bridge_square [aquarium_subvault_wall,
          aquarium_subvault_bridge, aquarium_subvault_wall,
          aquarium_subvault_bridge], aquarium_window_2, aquarium_window_fake,
          aquarium_window_1, aquarium_window_fake, aquarium_view_2e,
          aquarium_pool_2, uniq_maggie, uniq_edmund, uniq_prince_ribbit1,
          uniq_blork_the_orc, uniq_duvessa
D:7:      layout_rooms, minmay_temple_entry_from_below_b, gammafunk_ghost_hive,
          kb_lookout_dungeons_type
D:8:      nzn_winding_woodlands_large [nzn_winding_woodlands_hourglass,
          nzn_winding_woodlands_5x15_pockets, nzn_winding_woodlands_5x5_three,
          nzn_winding_woodlands_center_garden,
          nzn_winding_woodlands_15x15_killbox,
          nzn_winding_woodlands_center_pierced_h,
          nzn_winding_woodlands_5x5_closed_star,
          nzn_winding_woodlands_5x15_cabin,
          nzn_winding_woodlands_5x5_checkerboard], layout_basic,
          grunt_dithmenos_smoke_and_mirrors, serial_shops,
          nicolae_shop_back_alley_shop, nicolae_shop_fire_sale
          [nicolae_sub_dead_trees]
D:9:      layout_irregular_city, lair_entry_dummy, serial_column_ruins,
          column_ruins_hut, column_ruins_corridor_straight, column_ruins_grid_1,
          column_ruins_open_tiny, column_ruins_grid_1,
          nicolae_shop_national_dungeon_mall, st_stairs_12, uniq_grum
D:10:     layout_roguey, yredelemnul_forgotten_temple_becter,
          minmay_misc_feat_hallway
D:11:     layout_basic, erik_orc_4, trove_entry_hex_spiral
D:12:     layout_cave_pools, serial_column_ruins, column_ruins_grid_3,
          column_ruins_columns_straight, column_ruins_columns_straight,
          column_ruins_grid_1, gammafunk_ghost_abyssal_escape
Temple:   bh_familiar_temple
Lair:1:   layout_roguey, basic_altar, grunt_megastairs_3,
          infiniplex_staircase_pool, lemuel_fruit_tree
Lair:2:   gammafunk_cloud_chamber, layout_cellular_growth,
          minmay_swamp_entry_reptiles, hellmonk_spider_entry_life_and_decay,
          basic_altar
Lair:3:   layout_roguey, maelrawn_ghost_gauntlet_escape
Lair:4:   layout_long_grid, slime_entry_2, uniq_nessos
Lair:5:   hangedman_lair_tendril_chambers, layout_loops_ring
Orc:1:    layout_caves, nicolae_volcano_entry_lava_flow, nicolae_orc_bridge_out,
          uniq_erica
Orc:2:    st_orc_elflike, layout_diamond_mine, serial_shops,
          nicolae_shop_bloodbath_and_beyond, uniq_josephine

Skill      XL: |  1  2  3  4  5  6  7  8  9 10 11 12 13 14 |
---------------+-------------------------------------------+-----
Shields        | 3 4 5 6 7 8 9 10 11 | 11.9
Unarmed Combat | 3 4 5 6 8 10 12 13 15 18 19 | 19.5
Fighting       | 3 4 5 6 7 8 9 10 | 10.9
Dodging        | 4 6 7 |  7.0

Action                     |  1- 3 |  4- 6 |  7- 9 | 10-12 | 13-15 || total
---------------------------+-------+-------+-------+-------+-------++-------
  Melee: Unarmed           |   113 |   132 |   390 |   654 |   519 ||  1808
  Throw: Dart              |       |       |    20 |    44 |       ||    64
         Boomerang         |       |       |       |       |   131 ||   131
         Throwing net      |       |       |       |       |     1 ||     1
Ability: Lunge             |       |       |       |    24 |    23 ||    47
         Whirlwind         |       |       |       |     1 |    11 ||    12
         Wall Jump         |       |       |       |       |     3 ||     3
  Evoke: Wand              |       |       |       |       |     5 ||     5
    Use: Potion            |       |     1 |       |     4 |    16 ||    21
         Scroll            |       |       |    20 |    12 |    12 ||    44
   Stab: Distracted        |     1 |       |       |     1 |       ||     2
 Armour: Robe              |    35 |    61 |   116 |       |       ||   212
         Steam dragon scal |       |       |    26 |   182 |    94 ||   302
         Skin              |       |       |       |       |     7 ||     7
  Dodge: Dodged            |    36 |    32 |   123 |   168 |    93 ||   452
  Block: Kite shield       |    40 |    48 |   145 |   344 |   321 ||   898
         Reflection        |       |       |       |       |    10 ||    10
